 Dungeon Crawl Stone Soup version 0.25-a0-290-g4a1327ee3a (webtiles) character file.

Game seed: 10373630609115624592, levelgen mode: deterministic

5251 Lanoc the Archer (level 10, 0/82 HPs)
             Began as a Barachi Wanderer on Dec 13, 2019.
             Was an Elder of Okawaru.
             Slain by an orc warrior
             ... wielding a +0 flail
              (1 damage)
             ... on level 10 of the Dungeon.
             The game lasted 00:25:22 (9555 turns).

Lanoc the Archer (Barachi Wanderer)                 Turns: 9555, Time: 00:25:24

Health: 0/82       AC: 15    Str: 15    XL:     10   Next: 62%
Magic:  13/14      EV: 12    Int: 13    God:    Okawaru [****..]
Gold:   471        SH:  0    Dex: 13    Spells: 9/9 levels left

rFire    . . .     SeeInvis .   b - +1 shortbow
rCold    + . .     Gourm    .   (shield currently unavailable)
rNeg     . . .     Faith    .   y - +3 scale mail
rPois    .         Spirit   .   m - +1 hat
rElec    .         Reflect  .   r - +0 cloak
rCorr    +         Harm     .   (no gloves)
MR       .....                  (no boots)
Stlth    ++........             (no amulet)
HPRegen  0.23/turn              g - ring of protection from cold
MPRegen  0.14/turn              t - ring of resist corrosion

@: lethally poisoned (0 -> -5), heroism, can't hop, slow
A: +LOS, swims, slowness 1, strong legs 1
a: Hop, Heroism, Renounce Religion


You were on level 10 of the Dungeon.
You worshipped Okawaru.
Okawaru was greatly pleased with you.
You were very hungry.

You visited 2 branches of the dungeon, and saw 11 of its levels.

You collected 471 gold pieces.

Inventory:

Hand Weapons
 b - a +1 shortbow (weapon)
 c - a +1 scimitar of flaming
Missiles
 e - 112 arrows (quivered)
 k - 6 curare-tipped darts
Armour
 m - a +1 hat (worn)
 r - a +0 cloak (worn)
 y - a +3 scale mail (worn)
Jewellery
 g - a ring of protection from cold (left hand)
 t - a ring of resist corrosion (right hand)
Wands
 d - a wand of acid (4)
 i - a wand of flame (18)
 l - a wand of digging (12)
 v - a wand of paralysis (10)
 B - a wand of iceblast (10)
 C - a wand of random effects (45)
Scrolls
 h - 7 scrolls of remove curse
 j - a scroll of blinking
 n - 2 scrolls of enchant armour
 o - 2 scrolls of teleportation
 q - 7 scrolls of fog
 s - 2 scrolls of identify
 u - a scroll of enchant weapon
 w - 2 scrolls of immolation
 E - a scroll of fear
Potions
 a - a potion of berserk rage
 p - a potion of magic
 x - a potion of resistance
 z - a potion of flight
 A - a potion of invisibility
 D - 2 potions of curing
Comestibles
 f - 24 rations


   Skills:
 + Level 8.8(13.8) Fighting
   Level 1.1(6.1) Axes
 * Level 10.1(15.1) Bows
 + Level 9.1(14.1) Armour
 - Level 1.0(6.0) Stealth
 + Level 5.7 Invocations
 - Level 1.1 Evocations


You had 9 spell levels left.
You didn't know any spells.
Your spell library was empty.

Dungeon Overview and Level Annotations

Branches:
Dungeon (10/15)            Temple (1/1) D:7            Lair (0/6) D:9
    Orc: D:9-12

Altars:
Cheibriados
Elyvilon
Fedhas
Gozag
Makhleb
Okawaru
Yredelemnul

Shops:
D:10 %(


Innate Abilities, Weirdness & Mutations

You can be seen from farther away. (+LOS)
You can swim through water.
You cover ground slowly.
You can hop short distances.


Message History

The orc warrior is severely wounded.
The orc warrior hits you with a +0 flail.
* * * LOW HITPOINT WARNING * * *
The scorpion stings you but does no damage.
Firing (i - inventory. (/) - cycle)
e - 114 arrows (quivered)
Press: ? - help, Shift-Dir - straight line, f/p - orc warrior
Aim: an orc warrior, wielding a +0 flail and wearing a +0 plate armour (severely wounded)
You shoot an arrow.
The arrow closely misses the orc warrior.
Firing (i - inventory. (/) - cycle)
e - 113 arrows (quivered)
Press: ? - help, Shift-Dir - straight line, f/p - orc warrior
Aim: an orc warrior, wielding a +0 flail and wearing a +0 plate armour (severely wounded)
You shoot an arrow.
The arrow barely misses the orc warrior.
The scorpion stings you!
* * * LOW HITPOINT WARNING * * *
You are lethally poisoned!
The scorpion poisons you!
The orc warrior hits you with a +0 flail.
You die...

......(.....((.))####
.........()..().(((()(.
........(.(.....((((..(
######..##############
#..# #(.# #(.# #os#
#.@# #..# #..# #...
.... ######


You could see an orc warrior and a scorpion.

Vanquished Creatures
  Erica (D:8)
  A two-headed ogre (D:10)
  Grum (D:8)
  A hungry ghost (D:7)
  2 ice beasts
  2 porcupines (D:9)
  3 orc warriors
  4 wolves
  4 ogres
  4 centaurs
  7 bullfrogs
  Blork the orc (D:5)
  A gnoll sergeant (D:6)
  A water moccasin skeleton (D:6)
  3 killer bees (D:9)
  A howler monkey (D:5)
  3 crimson imps
  A bullfrog zombie (D:9)
  4 jellies
  A centaur skeleton (D:6)
  2 bullfrog skeletons
  3 hounds
  3 iron imps (D:3)
  Ijyb (D:3)
  Natasha (thrice) (D:2)
  3 iguanas
  3 orc wizards
  5 worker ants
  3 hound skeletons
  A worker ant zombie (D:7)
  7 gnolls
  12 adders
  2 oozes
  3 adder skeletons
  An adder zombie (D:5)
  A worm (D:2)
  2 dart slugs (D:1)
  5 leopard geckos
  12 orcs
  2 ball pythons (D:1)
  2 giant cockroaches
  12 goblins
  10 hobgoblins
  16 jackals
  A quokka (D:3)
  3 bats
  4 frilled lizards
  4 kobolds
  A leopard gecko skeleton (D:4)
  A quokka skeleton (D:7)
  A quokka zombie (D:5)
  11 rats
186 creatures vanquished.

Notes
Turn   | Place    | Note
-------+----------+-------------------------------------------
     0 | D:1      | Lanoc the Barachi Wanderer began the quest for the Orb.
     0 | D:1      | Lanoc set off with the following items: a +2 dagger, a
                  | potion of heal wounds, a +0 ring mail, a +0 shortbow, 23
                  | arrows, a ration
     0 | D:1      | Reached XP level 1. HP: 17/17 MP: 1/1
   105 | D:1      | Reached XP level 2. HP: 16/23 MP: 2/2
   302 | D:1      | Reached XP level 3. HP: 20/28 MP: 3/3
   430 | D:2      | Reached skill level 3 in Bows
   453 | D:2      | Reached XP level 4. HP: 25/35 MP: 4/4
   559 | D:2      | Noticed Natasha
   770 | D:2      | Killed Natasha
   816 | D:2      | Reached XP level 5. HP: 22/41 MP: 5/5
   938 | D:2      | Reached skill level 4 in Bows
  1166 | D:2      | Noticed Natasha
  1173 | D:2      | Killed Natasha
  1210 | D:2      | Noticed Natasha
  1216 | D:2      | Killed Natasha
  1308 | D:3      | Found a faded altar of an unknown god.
  1345 | D:3      | Became a worshipper of Warmaster Okawaru
  1345 | D:3      | Reached * piety under Okawaru
  1367 | D:3      | Found a burning altar of Makhleb.
  1382 | D:3      | Reached skill level 5 in Armour
  1382 | D:3      | Reached XP level 6. HP: 48/48 MP: 6/6
  1697 | D:3      | Noticed Ijyb
  1738 | D:3      | Killed Ijyb
  1738 | D:3      | Reached skill level 1 in Invocations
  2468 | D:4      | Reached skill level 5 in Bows
  2598 | D:4      | Reached ** piety under Okawaru
  2598 | D:4      | Reached XP level 7. HP: 18/55 MP: 6/8
  3023 | D:4      | Found an opulent altar of Gozag.
  3137 | D:4      | Reached skill level 5 in Fighting
  3237 | D:5      | Entered Level 5 of the Dungeon
  3511 | D:5      | Reached skill level 6 in Bows
  3588 | D:5      | Noticed Blork the orc
  3613 | D:5      | Killed Blork the orc
  3613 | D:5      | Reached XP level 8. HP: 29/63 MP: 9/9
  4236 | D:5      | Reached *** piety under Okawaru
  4822 | D:6      | Received a gift from Okawaru
  5059 | D:6      | Reached skill level 7 in Bows
  6055 | D:7      | Found a blossoming altar of Fedhas.
  6171 | D:7      | Reached XP level 9. HP: 20/71 MP: 11/11
  6526 | D:7      | Found a snail-covered altar of Cheibriados.
  6548 | D:7      | Found a staircase to the Ecumenical Temple.
  6561 | Temple   | Entered the Ecumenical Temple
  6676 | D:7      | Found an iron altar of Okawaru.
  6744 | D:7      | Received a gift from Okawaru
  6875 | D:7      | Reached skill level 8 in Bows
  7127 | D:8      | Noticed Grum
  7170 | D:7      | HP: 2/72 [wolf[Grum] (7)]
  7863 | D:8      | Killed Grum
  7863 | D:8      | Reached **** piety under Okawaru
  8061 | D:8      | Found a basalt altar of Yredelemnul.
  8107 | D:8      | Noticed Erica
  8127 | D:8      | Killed Erica
  8127 | D:8      | Reached skill level 9 in Bows
  8127 | D:8      | Reached skill level 5 in Invocations
  8127 | D:8      | Reached XP level 10. HP: 66/80 MP: 13/13
  8944 | D:9      | Found a staircase to the Lair.
  9036 | D:10     | Entered Level 10 of the Dungeon
  9330 | D:10     | Found Vayss's Weapon Boutique.
  9360 | D:10     | Found Resumueg's Food Emporium.
  9393 | D:10     | Noticed a two-headed ogre
  9402 | D:10     | Killed a two-headed ogre
  9402 | D:10     | Received a gift from Okawaru
  9402 | D:10     | Reached skill level 10 in Bows
  9555 | D:10     | HP: 1/82 [scorpion (7)]
  9555 | D:10     | Slain by an orc warrior

Levels and vault maps discovered:
D:1:      sevenhm_arrival_forest_fort_small_6, layout_rooms
D:2:      cheibrodos_helix_gallery, layout_rooms, first_ration, uniq_natasha
D:3:      layout_basic, demons_altar, chequers_ecumenical_altar_grove,
          serial_corexii_hall, corexii_hall_statues_s, corexii_hall_statues_i,
          uniq_ijyb
D:4:      layout_rooms, kennysheep_little_box
D:5:      layout_cave_pools, uniq_blork_the_orc
D:6:      layout_layer_cave, minivault_14
D:7:      layout_rooms, cheibriados_altar_1, lemuel_round_altar, temple_pool_b,
          fedhas_altar_fruit_tree
D:8:      layout_cave_pods, yredelemnul_altar_generic, uniq_erica, uniq_grum
D:9:      layout_rooms, grunt_lair_entry_orc_guard_hut
D:10:     layout_long_grid, orc_0_dummy, serial_shops, nicolae_shop_trees, shop,
          nicolae_shop_trees, nicolae_shop_crystal
Temple:   minmay_crystal_spiral_temple

Skill      XL: |  1  2  3  4  5  6  7  8  9 10 |
---------------+-------------------------------+-----
Armour         | 4 5 6 7 8 9 |  9.1
Fighting       | 3 4 5 6 8 |  8.8
Bows           | 3 4 5 6 7 9 10 | 10.1
Invocations    | 1 2 3 5 |  5.7
Axes           | |  1.1
Stealth        | |  1.0
Evocations     | |  1.1

Action                   |  1- 3 |  4- 6 |  7- 9 | 10-12 || total
-------------------------+-------+-------+-------+-------++-------
Melee: Dagger            |    58 |       |       |       ||    58
       Unarmed           |       |     5 |       |       ||     5
 Fire: Shortbow          |    38 |   271 |   580 |   177 ||  1066
Invok: Heroism           |       |       |     1 |     2 ||     3
 Abil: Hop               |     1 |     1 |     4 |     2 ||     8
Evoke: Wand              |       |       |     5 |       ||     5
  Use: Potion            |     4 |     3 |     7 |       ||    14
       Scroll            |       |       |    11 |     5 ||    16
  Eat: Chunk             |       |     5 |    10 |       ||    15
       Ration            |       |       |     3 |     1 ||     4
Armor: Ring mail         |    48 |    39 |    96 |       ||   183
       Scale mail        |       |       |    53 |    60 ||   113
Dodge: Dodged            |    79 |    72 |   177 |    47 ||   375

Table legend:
 A = Non-vault XP
 B = Vault XP
 C = Vault XP percentage of total XP
 D = Non-vault monster count
 E = Vault monster count
 F = Vault count percentage of total count
                 A         B        C        D         E       F
            +---------+---------+-------+---------+---------+-------
      Total |    5102 |    2400 |  32.0 |     168 |      18 |   9.7
            +---------+---------+-------+---------+---------+-------
        D:1 |      49 |       0 |   0.0 |      25 |       0 |   0.0
        D:2 |     207 |      38 |  15.5 |      30 |       3 |   9.1
        D:3 |      58 |     153 |  72.5 |      14 |       4 |  22.2
        D:4 |     347 |       0 |   0.0 |      19 |       0 |   0.0
        D:5 |     718 |      96 |  11.8 |      17 |       1 |   5.6
        D:6 |     539 |       0 |   0.0 |      17 |       0 |   0.0
        D:7 |     819 |     346 |  29.7 |      17 |       3 |  15.0
        D:8 |     554 |    1256 |  69.4 |      10 |       3 |  23.1
        D:9 |     518 |     511 |  49.7 |       7 |       4 |  36.4
       D:10 |    1293 |       0 |   0.0 |      12 |       0 |   0.0
            +---------+---------+-------+---------+---------+-------
